 Dungeon Sprint DCSS version 0.18.1-50-g88ac8fd (webtiles) character file.

15920 Inkary the Severer (level 12, -1/112 HPs)
             Began as a Minotaur Berserker on Sept 21, 2016.
             Was the Champion of Trog.
             Killed from afar by a fire giant (8 damage)
             ... with a fireball
             ... in the Dungeon (Sprint I: "Red Sonja").
             The game lasted 00:33:08 (2098 turns).

Inkary the Severer (Minotaur Berserker)             Turns: 2098, Time: 00:33:09

Health: -1/112     AC: 19    Str: 18 (24) XL:     12   Next: 5%
Magic:  8/8        EV: 12    Int:  0 (2)  God:    Trog [******]
Gold:   213        SH:  0    Dex:  7      Spells: 0 memorised, 11 levels left

rFire  + + .     SeeInvis .     z - +6 battleaxe (chop)
rCold  . . .     Gourm    .     n - +5 chain mail {rF+}
rNeg   . . .     Faith    .     (shield currently unavailable)
rPois  .         Spirit   .     q - +0 hat
rElec  .         Dismiss  .     (no cloak)
rCorr  .         Reflect  .     (no gloves)
SustAt .         Harm     .     (no boots)
MR     ++...     Rnd*Rage +     w - amulet of regeneration
Stlth  .......... NoTele   +    (no ring)
                                x - +2 ring of strength

@: regenerating, slowed, lost intelligence, very slow, very resistant to hostile
enchantments, extremely unstealthy
A: retaliatory headbutt, horns 2, berserk 1, blurry vision 1, clumsy 2,
deterioration 2, dopey 1, fire resistance 1, frail 1, low mp 2, screaming 1,
weak 2
a: Berserk, Trog's Hand, Brothers in Arms, Burn Spellbooks, Renounce Religion


You were in the Dungeon.
You worshipped Trog.
Trog was exalted by your worship.
You were not hungry.

You visited 1 branch You collected 1895 gold pieces.
You spent 1682 gold pieces at shops.

Inventory:

Hand Weapons
 k - a +1 battleaxe of freezing
 m - a +4 antimagic battleaxe
 z - a +6 battleaxe of chopping (weapon)
Armour
 n - a +5 chain mail of fire resistance (worn)
 q - a +0 hat (worn)
Jewellery
 w - an amulet of regeneration (around neck)
 x - a +2 ring of strength (left hand)
Wands
 d - a wand of disintegration (8/24)
Scrolls
 i - 2 scrolls of blinking
 t - a scroll of enchant armour
 u - a scroll of enchant weapon
 v - 4 scrolls of identify
 y - a scroll of fog
Potions
 b - a potion of might
 e - 2 potions of heal wounds
 f - 2 potions of haste
 g - 2 potions of magic
 h - a potion of berserk rage
 j - 2 potions of curing
 o - a potion of brilliance
 r - a potion of ambrosia
Miscellaneous
 s - a lamp of fire
Comestibles
 c - a bread ration
 l - a meat ration


   Skills:
 + Level 17.5 Fighting
 * Level 19.8 Axes
 + Level 17.4 Armour
 + Level 14.6 Dodging


You had 11 spell levels left.
You didn't know any spells.

Dungeon Overview and Level Annotations

Branches:
Dungeon (1/1)

Altars:
Cheibriados
Dithmenos
Elyvilon
Fedhas
Gozag
Kikubaaqudgha
Makhleb
Nemelex Xobeh
Okawaru
Pakellas
Qazlal
Ru
Sif Muna
Trog
Vehumet
Xom
Yredelemnul
Zin
The Shining One
Jiyva

Shops:
D *=???*[%[*%[*[}[!(([}


Innate Abilities, Weirdness & Mutations

You reflexively headbutt those who attack you in melee.
You have a pair of horns on your head.
You tend to lose your temper in combat.
Scrolls take you a little longer to read.
You are very clumsy. (Dex -4)
Your body often deteriorates upon taking damage.
You are dopey. (Int -2)
Your flesh is heat resistant.
You are frail (-10% HP).
Your magical capacity is very low (-20% MP).
You occasionally shout uncontrollably at your foes.
You are very weak. (Str -4)


Message History

The fireball explodes!
The fireball engulfs you! You resist.
* * * LOW HITPOINT WARNING * * *
Your body deteriorates!
You feel dopey.
You have lost your intelligence.
The fireball engulfs the fire giant.
The fire giant resists.
The fire giant casts a spell at you.
The fireball explodes!
The fireball engulfs you! You resist.
* * * LOW HITPOINT WARNING * * *
The fireball engulfs the fire giant.
The fire giant resists.
The fire giant gestures at you while chanting.
The fireball explodes!
The fireball engulfs you! You resist.
* * * LOW HITPOINT WARNING * * *
The fireball engulfs the fire giant.
The fire giant resists.
The fire giant casts a spell at you. The bolt of fire hits you! You resist.
* * * LOW HITPOINT WARNING * * *
The fire giant hits you but does no damage.
You can move again.
The fire giant casts a spell at you.
The fireball explodes!
The fireball engulfs you! You resist.
You die...

##.'.#.§§#**++*#.##...#,,≈**,,,,,
.###.#§.##*,,**#..#+###,,≈*,,,,,,
[∩##§#..#***,,*##...#,≈,,**,,,,,,
####.#*+*,,*,,*,###.#,≈,,*,,,,,,,
§§##§#*,*,,,,,,,,,#.#**,,*,,,,,,,
§§§'§#***,,,,,,,,,#.#,+,,**,,,,,,
####§#,,+,,,,,,####'#,**+**,,,,,,
...#.#****,,,###....#,*≈≈≈**,,,,,
..#§§#,,,****#C.@####,*≈≈≈≈**,,,,
.≈####,....C.CC###,,,,*≈≈≈≈≈*****
≈≈#*,,,....#####,,,,****≈≈≈≈*≈≈≈≈
≈##*,,,..,**,,,,,,,,*,,*+≈≈≈+≈≈,≈
## *,,,,,**,,,,,,,,,*,,,**≈≈*≈≈≈≈
###*,,,,,*,,,,,,,,,,*,,,,******+*
∩∩#***********,,,,,,*,,,,*≈≈≈≈≈≈≈
∩##*≈≈≈≈≈≈≈≈,*,,,,,,*******≈≈≈≈≈≈
## ***********,,,,,,+,,*,,+,,,≈≈≈


You could see 4 fire giants.

Vanquished Creatures
  2 centaur warriors (D)
  Sonja (D)
  7 unseen horrors (D)
  A deep troll (D)
  A lindwurm (D)
  An oklob plant (D)
  8 shining eyes (D)
  A gargoyle (D)
  2 kobold demonologists (D)
  4 demonic crawlers (D)
  A slime creature (D)
  Sigmund (D)
  2 redbacks (D)
  A yak (D)
  13 hogs (D)
  6 giant eyeballs (D)
  A wasp (D)
  7 necrophages (D)
  An ogre (D)
  8 jellies (D)
  Ijyb (D)
  2 ballistomycetes (D)
72 creatures vanquished.

Vanquished Creatures (others)
  2 giant spores (D)
2 creatures vanquished.

Grand Total: 74 creatures vanquished

Notes
Turn   | Place    | Note
--------------------------------------------------------------
     0 | D        | Inkary the Minotaur Berserker began the quest for the Orb.
     0 | D        | Reached XP level 1. HP: 19/19 MP: 0/0
     2 | D        | Noticed Ijyb
    13 | D        | Killed Ijyb
    13 | D        | Reached skill level 6 in Axes
    13 | D        | Reached XP level 2. HP: 11/28 MP: 1/1
   231 | D        | Noticed an ogre
   234 | D        | Killed an ogre
   234 | D        | Reached ** piety under Trog
   234 | D        | Reached skill level 8 in Axes
   234 | D        | Reached XP level 3. HP: 38/38 MP: 2/2
   234 | D        | Reached XP level 4. HP: 45/45 MP: 3/3
   267 | D        | Noticed Sigmund
   273 | D        | Killed Sigmund
   273 | D        | Reached skill level 11 in Axes
   273 | D        | Reached XP level 5. HP: 42/53 MP: 4/4
   285 | D        | Found a snail-covered altar of Cheibriados.
   285 | D        | Found a viscous altar of Jiyva.
   285 | D        | Found a shadowy altar of Dithmenos.
   285 | D        | Found a blossoming altar of Fedhas.
   285 | D        | Noticed a slime creature
   296 | D        | Killed a slime creature
   296 | D        | Reached skill level 12 in Axes
   296 | D        | Reached XP level 6. HP: 63/63 MP: 5/5
   297 | D        | Found a deep blue altar of Sif Muna.
   299 | D        | Found a radiant altar of Vehumet.
   321 | D        | Found Qemmief's Magic Scroll Emporium.
   321 | D        | Found a white marble altar of Elyvilon.
   321 | D        | Found a stormy altar of Qazlal.
   321 | D        | Found a burning altar of Makhleb.
   321 | D        | Found a sacrificial altar of Ru.
   321 | D        | Found an oddly glowing altar of Pakellas.
   321 | D        | Found a basalt altar of Yredelemnul.
   321 | D        | Found a glowing golden altar of the Shining One.
   321 | D        | Found a sparkling altar of Nemelex Xobeh.
   321 | D        | Found a shimmering altar of Xom.
   321 | D        | Found an opulent altar of Gozag.
   321 | D        | Found an ancient bone altar of Kikubaaqudgha.
   321 | D        | Found a glowing silver altar of Zin.
   321 | D        | Noticed a yak
   323 | D        | Found an iron altar of Okawaru.
   328 | D        | Killed a yak
   328 | D        | Reached *** piety under Trog
   328 | D        | Reached skill level 10 in Fighting
   328 | D        | Reached XP level 7. HP: 35/72 MP: 6/6
   353 | D        | Found a bloodstained altar of Trog.
   357 | D        | Bought a scroll of magic mapping for 49 gold pieces
   357 | D        | Bought a scroll of blinking for 105 gold pieces
   493 | D        | Noticed Sonja
   507 | D        | Killed Sonja
   507 | D        | Reached skill level 13 in Axes
   507 | D        | Reached XP level 8. HP: 68/82 MP: 7/7
   548 | D        | Found Yfroh's Assorted Antiques.
   556 | D        | Bought a potion of heal wounds for 145 gold pieces
   634 | D        | Bought a runed chain mail for 130 gold pieces
   634 | D        | Bought a glowing tourmaline ring for 145 gold pieces
   664 | D        | Bought a scroll of identify for 28 gold pieces
   692 | D        | Noticed a kobold demonologist
   694 | D        | Noticed an ice devil
   695 | D        | Noticed a kobold demonologist
   703 | D        | Killed a kobold demonologist
   703 | D        | Reached skill level 14 in Axes
   712 | D        | Killed a kobold demonologist
   712 | D        | Reached **** piety under Trog
   736 | D        | Noticed a deep troll
   747 | D        | Killed a deep troll
   747 | D        | Reached XP level 9. HP: 81/92 MP: 8/8
   763 | D        | Found Tyobooje's Armour Emporium.
   786 | D        | Noticed a shining eye
   786 | D        | Noticed a shining eye
   786 | D        | Noticed a shining eye
   786 | D        | Noticed a shining eye
   786 | D        | Noticed a shining eye
   786 | D        | Noticed a shining eye
   790 | D        | Paralysed by a giant eyeball for 3 turns
   795 | D        | Paralysed by a giant eyeball for 2 turns
   799 | D        | Reached skill level 15 in Axes
   801 | D        | Gained mutation: You are dopey. (Int -2) [a shining eye]
   808 | D        | Gained mutation: You occasionally shout uncontrollably at your foes. [a shining eye]
   811 | D        | Gained mutation: You regenerate slowly when monsters are visible. [a shining eye]
   812 | D        | Killed a shining eye
   812 | D        | Received a gift from Trog
   812 | D        | Gained mutation: Your body sometimes deteriorates upon taking damage. [a shining eye]
   822 | D        | Killed a shining eye
   822 | D        | Reached ***** piety under Trog
   828 | D        | Killed a shining eye
   828 | D        | Reached skill level 10 in Dodging
   829 | D        | Gained mutation: You are weak. (Str -2) [a shining eye]
   830 | D        | Paralysed by a giant eyeball for 3 turns
   831 | D        | Gained mutation: Your magical capacity is low (-10% MP). [a shining eye]
   835 | D        | Lost mutation: You regenerate slowly when monsters are visible. [a shining eye]
   841 | D        | Lost intelligence.
   841 | D        | Gained mutation: You are very dopey. (Int -4) [a shining eye]
   847 | D        | Gained mutation: You are clumsy. (Dex -2) [a shining eye]
   848 | D        | Gained mutation: You are very weak. (Str -4) [a shining eye]
   850 | D        | Lost mutation: You are very dopey. (Int -4) [a shining eye]
   851 | D        | Killed a shining eye
   851 | D        | Reached skill level 16 in Axes
   851 | D        | Reached XP level 10. HP: 103/103 MP: 8/8
   856 | D        | Gained mutation: You are frail (-10% HP). [a shining eye]
   861 | D        | Paralysed by a giant eyeball for 4 turns
   865 | D        | Gained mutation: You tend to lose your temper in combat. [a shining eye]
   867 | D        | Gained mutation: You are very clumsy. (Dex -4) [a shining eye]
   869 | D        | Killed a shining eye
   869 | D        | Received a gift from Trog
   869 | D        | Gained mutation: Your body often deteriorates upon taking damage. [a shining eye]
   876 | D        | Gained mutation: Your magical capacity is very low (-20% MP). [a shining eye]
   880 | D        | Killed a shining eye
   891 | D        | Noticed a shining eye
   891 | D        | Noticed a shining eye
   893 | D        | Paralysed by a giant eyeball for 4 turns
   904 | D        | Killed a shining eye
   904 | D        | Gained mutation: Scrolls take you a little longer to read. [a shining eye]
   913 | D        | Killed a shining eye
   955 | D        | Found Cosif's Jewellery Shoppe.
   955 | D        | Found Qubbox's Magic Scroll Shop.
   955 | D        | Found Heykar's Magic Scroll Emporium.
   955 | D        | Found Sasuam's General Store.
   969 | D        | Bought a meat ration for 60 gold pieces
   969 | D        | Bought a beef jerky for 18 gold pieces
  1037 | D        | Reached skill level 15 in Fighting
  1040 | D        | Received a gift from Trog
  1040 | D        | Reached skill level 15 in Armour
  1047 | D        | Reached skill level 17 in Axes
  1091 | D        | Noticed a gargoyle
  1108 | D        | Killed a gargoyle
  1123 | D        | Noticed a lindwurm
  1142 | D        | Killed a lindwurm
  1165 | D        | Reached XP level 11. HP: 64/102 MP: 7/7
  1194 | D        | Reached ****** piety under Trog
  1200 | D        | Received a gift from Trog
  1214 | D        | Received a gift from Trog
  1294 | D        | Bought a puce potion for 26 gold pieces
  1294 | D        | Bought a viscous emerald potion for 26 gold pieces
  1314 | D        | Bought a scroll of identify for 28 gold pieces
  1314 | D        | Bought a scroll of identify for 28 gold pieces
  1318 | D        | Bought a scroll of remove curse for 42 gold pieces
  1336 | D        | Noticed a centaur warrior
  1339 | D        | Noticed a centaur warrior
  1344 | D        | Killed a centaur warrior
  1346 | D        | Killed a centaur warrior
  1346 | D        | Reached skill level 18 in Axes
  1370 | D        | Received a gift from Trog
  1387 | D        | Noticed an oklob plant
  1393 | D        | Killed an oklob plant
  1454 | D        | Killed an unseen horror
  1475 | D        | Killed an unseen horror
  1497 | D        | Received a gift from Trog
  1545 | D        | Reached skill level 19 in Axes
  1633 | D        | Found Huekedghaff's Food Shoppe.
  1633 | D        | Found Kaucas's Armour Shop.
  1633 | D        | Found Loageo Zoduo's Armour Boutique.
  1635 | D        | Found Jushuw's Assorted Antiques.
  1635 | D        | Found Vyugriw's Food Shop.
  1635 | D        | Found Otovop's Armour Shoppe.
  1635 | D        | Found Xunwom's Assorted Antiques.
  1635 | D        | Found Zarutwomn's Armour Emporium.
  1635 | D        | Found Uvvass's Gadget Shop.
  1635 | D        | Found Wil Sago's Antique Armour Shoppe.
  1636 | D        | Bought a beef jerky for 16 gold pieces
  1639 | D        | Found Urel's Distillery.
  1640 | D        | Found Dugif's Antique Weapon Emporium.
  1640 | D        | Found Byocwip's Weapon Boutique.
  1641 | D        | Found Qyth's Gadget Emporium.
  1647 | D        | Bought a potion of might for 44 gold pieces
  1647 | D        | Bought a potion of heal wounds for 55 gold pieces
  1661 | D        | Bought a coppery potion for 17 gold pieces
  1661 | D        | Bought a scroll of identify for 38 gold pieces
  1672 | D        | Gained mutation: Your flesh is heat resistant. [potion of beneficial mutation]
  1745 | D        | Bought a scroll of enchant weapon for 97 gold pieces
  1745 | D        | Bought a scroll of enchant armour for 97 gold pieces
  1745 | D        | Bought a scroll of identify for 26 gold pieces
  1745 | D        | Bought a scroll of identify for 26 gold pieces
  1749 | D        | Bought an uncursed amulet of regeneration for 330 gold pieces
  1749 | D        | Bought a +2 ring of strength for 82 gold pieces
  1758 | D        | Bought a scroll of fog for 24 gold pieces
  1807 | D        | Noticed a daeva
  1813 | D        | Noticed an unseen horror
  1814 | D        | Noticed an unseen horror
  1815 | D        | Noticed an unseen horror
  1815 | D        | Killed an unseen horror
  1821 | D        | Killed an unseen horror
  1821 | D        | Received a gift from Trog
  1822 | D        | Killed an unseen horror
  1828 | D        | Noticed an unseen horror
  1847 | D        | Killed an unseen horror
  1847 | D        | Reached XP level 12. HP: 44/111 MP: 4/8
  2085 | D        | Noticed a fire giant
  2087 | D        | Noticed a fire giant
  2087 | D        | Noticed a fire giant
  2088 | D        | Noticed a fire giant
  2094 | D        | Lost intelligence.
  2096 | D        | HP: 3/112 [fire giant/bolt of fire (8)]
  2098 | D        | Killed from afar by a fire giant

Skill      XL: |  1  2  3  4  5  6  7  8  9 10 11 |
---------------+----------------------------------+-----
Fighting       | 4 6 8 9 10 11 12 14 15 17 | 17.5
Axes           | 6 8 11 12 13 14 16 17 19 | 19.8
Armour         | 4 6 7 9 11 12 13 15 17 | 17.4
Dodging        | 3 6 8 10 12 14 | 14.6

Action                   |  1- 3 |  4- 6 |  7- 9 | 10-12 || total
-------------------------+-------+-------+-------+-------++-------
Melee: Hand axe          |    11 |    19 |    90 |   157 ||   277
       Headbutt          |     3 |     5 |    32 |    50 ||    90
       War axe           |       |       |       |    42 ||    42
       Battleaxe         |       |       |       |    39 ||    39
Invok: Berserk           |     2 |     1 |     1 |     2 ||     6
       Trog's Hand       |       |     2 |     7 |    12 ||    21
  Use: Scroll            |       |       |     3 |     7 ||    10
       Potion            |       |       |     1 |     4 ||     5
  Eat: Chunk             |       |       |     4 |     6 ||    10
       Beef jerky        |       |       |       |     2 ||     2
       Fruit             |       |       |       |     2 ||     2
Armor: Animal skin       |     2 |     1 |     1 |       ||     4
       Chain mail        |       |       |    16 |   145 ||   161
Dodge: Dodged            |     3 |     9 |    17 |    96 ||   125
